 Dungeon Crawl Stone Soup version 0.17.0-56-gd8de76c (webtiles) character file.

5457 dohliylev the Thaumaturge (level 10, -12/51 HPs)
             Began as a Deep Elf Summoner on Dec 4, 2015.
             Was an Elder of Vehumet.
             Mangled by Sonja
             ... wielding a +0 short sword of distortion
              (20 damage)
             ... on level 13 of the Dungeon.
             The game lasted 01:42:32 (10771 turns).

dohliylev the Thaumaturge (Deep Elf Summoner)      Turns: 10771, Time: 01:42:32

Health: -12/51     AC:  8    Str:  5    XL:     10   Next: 41%
Magic:  9/29       EV: 14    Int: 24    God:    Vehumet [****..]
Gold:   667        SH:  0    Dex: 15    Spells: 6 memorised, 20 levels left

rFire  . . .     SeeInvis .     I - +2 dagger (freeze) (curse)
rCold  + . .     Clarity  .     R - +2 robe {rF+}
rNeg   . . .     SustAt   .     (no shield)
rPois  .         Gourm    .     (no helmet)
rElec  .         Spirit   .     n - +2 cloak
rCorr  .         Warding  .     (no gloves)
rMut   .         Stasis   .     r - +0 pair of boots
MR     ++...                    O - amulet of faith
Stlth  +++.......               y - ring of ice
                                f - ring of protection from magic

@: lethally poisoned (-12 -> -18), very resistant to hostile enchantments,
fairly stealthy
A: no striking features
a: Renounce Religion


You were on level 13 of the Dungeon.
You worshipped Vehumet.
Vehumet was greatly pleased with you.
You were not hungry.

You visited 2 branches of the dungeon, and saw 14 of its levels.

You collected 667 gold pieces.

Inventory:

Hand Weapons
 I - a cursed +2 dagger of freezing (weapon)
 N - a +4 scimitar of flaming
 Z - a cursed -1 dagger
Armour
 n - a +2 cloak (worn)
 r - a +0 pair of boots (worn)
 v - a +2 robe of magic resistance
 R - a +2 robe of fire resistance (worn)
Jewellery
 f - a ring of protection from magic (left hand)
 t - an uncursed ring of invisibility
 y - a ring of ice (right hand)
 G - an uncursed amulet of resist corrosion
 O - an amulet of faith (around neck)
 P - a +3 ring of protection
Wands
 H - a wand of digging (8)
 T - a wand of digging (13)
 W - a wand of draining (7)
 X - a wand of fire (5)
Scrolls
 e - 3 scrolls of fog
 h - 2 scrolls of recharging {unknown}
 k - 7 scrolls of remove curse
 l - 5 scrolls of teleportation {unknown}
 q - 7 scrolls of identify {unknown}
 u - 3 scrolls of enchant weapon {unknown}
 A - 2 scrolls of blinking {unknown}
 E - a scroll of fear {unknown}
 F - 3 scrolls of random uselessness {unknown}
 L - a scroll of immolation {unknown}
 Q - 2 scrolls of enchant armour {unknown}
 Y - a scroll of magic mapping {unknown}
Potions
 a - 2 potions of brilliance {unknown}
 d - a potion of mutation {unknown}
 i - 3 potions of resistance {unknown}
 j - 4 potions of flight {unknown}
 m - a potion of agility {unknown}
 s - 2 potions of heal wounds {unknown}
 x - a potion of might {unknown}
 z - 4 potions of poison {unknown}
 B - a potion of curing
 C - a potion of degeneration {unknown}
 K - 2 potions of invisibility {unknown}
 M - a potion of lignification {unknown}
Books
 b - a book of Callings

   Spells                             Type                      Level
   a - Summon Small Mammal            Summoning                    1
   b - Call Imp                       Summoning                    2
   c - Call Canine Familiar           Summoning                    3
   d - Summon Guardian Golem          Hexes/Summoning              3
   e - Summon Lightning Spire         Summoning/Air                4
   f - Summon Ice Beast               Ice/Summoning                4
 w - a book of Debilitation

   Spells                             Type                      Level
   a - Corona                         Hexes                        1
   b - Slow                           Hexes                        2
   c - Gell's Gravitas                Hexes/Translocation          3
   d - Inner Flame                    Hexes/Fire                   3
   e - Cause Fear                     Hexes                        4
   f - Leda's Liquefaction            Hexes/Earth                  4
 J - a Necronomicon

   Spells                             Type                      Level
   a - Haunt                          Necromancy/Summoning         7
   b - Borgnjor's Revivification      Necromancy                   8
   c - Death's Door                   Charms/Necromancy            8
   d - Necromutation                  Transmutation/Necromancy     8
 S - a book of Air

   Spells                             Type                      Level
   a - Shock                          Conjuration/Air              1
   b - Swiftness                      Charms/Air                   2
   c - Repel Missiles                 Charms/Air                   2
   d - Static Discharge               Conjuration/Air              3
   e - Lightning Bolt                 Conjuration/Air              5
Miscellaneous
 U - a phantom mirror
Comestibles
 c - 7 bread rations
 g - 4 meat rations
 o - 6 beef jerkies
 p - 2 slices of pizza
 D - 12 fruits
 V - 7 chunks of flesh


   Skills:
 + Level 0.7 Fighting
 + Level 0.6 Short Blades
 + Level 4.1 Dodging
 + Level 4.2 Stealth
 + Level 13.1 Spellcasting
 + Level 3.0 Hexes
 + Level 11.6 Summonings
 + Level 3.9 Ice Magic


You had 20 spell levels left.
You knew the following spells:

 Your Spells              Type           Power        Failure   Level  Hunger
a - Summon Small Mammal   Summ           ####         1%          1    None
b - Call Imp              Summ           ######..     1%          2    None
c - Call Canine Familiar  Summ           ######..     1%          3    None
d - Summon Guardian Gole  Hex/Summ       ######..     1%          3    None
e - Slow                  Hex            ####....     1%          2    None
f - Summon Ice Beast      Ice/Summ       ######..     1%          4    None


Dungeon Overview and Level Annotations

Branches:
Dungeon (14/15)            Temple (1/1) D:5            Lair (0/8) D:9
    Orc (0/4) D:10
 Vaults: D:13-14

Altars:
Ashenzari
Cheibriados
Dithmenos
Elyvilon
Fedhas
Gozag
Kikubaaqudgha
Makhleb
Nemelex Xobeh
Okawaru
Qazlal
Ru
Sif Muna
Trog
Vehumet
Xom
Yredelemnul
Zin
The Shining One
Lugonu

Shops:
D:14 **

Annotations:
D:13 Sonja


Message History

Something stings your guardian golem. x2
Something barely misses your warg. The killer bee misses your warg.
Something stings your guardian golem but does no damage.
Casting: Call Canine Familiar
Confirm with . or Enter, or press ? or * to list all spells.
You hear the stately tolling of a distant bell.
You feel sick.
Something stings your guardian golem but does no damage.
Something stings your guardian golem. The killer bee stings your warg.
Something stings your guardian golem!
Your guardian golem is destroyed!
Something barely misses your warg. Something stings your warg.
Something closely misses your warg.
You feel sick.
You feel sick.
Sonja says, "If only old Madame Brzewit could see me now!"
Sonja hits you with an uncursed short sword of distortion!
* * * LOW HITPOINT WARNING * * *
Space warps horribly around you!
You die...

..#
#......... ..
#...>.....
#.##yY§......
#.§yyyYY.....
#hy§Y.....
##Y######
#§Y## ##r§#
########@####
#......K...(#
+...........#
#...........#
#...........#
#...........#
#...........+
#...........#
##+##########


You could see a yak, Sonja and a friendly quokka.

Vanquished Creatures
  A giant gecko (D:8)
1 creature vanquished.

Vanquished Creatures (collateral kills)
  Erica (D:8)
  Pikel (D:5)
  A hill giant (D:11)
  A cyclops (D:14)
  A centaur zombie (D:11)
  Psyche (D:9)
  A kobold demonologist (D:11)
  5 slime creatures (D:14)
  Sigmund (D:5)
  Eustachio (D:4)
  A hungry ghost (D:9)
  12 yaks
  3 hippogriffs
  A water moccasin (D:10)
  A sky beast (D:9)
  3 orc warriors
  3 phantoms
  4 ice beasts
  3 ogres
  7 centaurs
  An eye of draining (D:8)
  4 giant frogs
  The ghost of Elvalys the Magician, an amateur DEWz (D:3)
  A gnoll sergeant (D:7)
  A water moccasin skeleton (D:10)
  3 killer bees (D:7)
  8 wights
  2 crimson imps
  A wasp zombie (D:9)
  2 jellies
  2 orc priests
  A giant frog zombie (D:9)
  3 iron imps (D:3)
  A giant frog skeleton (D:9)
  4 hounds
  8 orc wizards
  2 iguanas (D:6)
  13 worker ants
  A hound skeleton (D:5)
  3 worker ant zombies
  19 gnolls
  11 adders
  A shadow imp (D:7)
  An adder zombie (D:7)
  2 adder skeletons
  3 worms
  6 giant geckos
  21 orcs
  6 giant cockroaches
  6 hobgoblins
  9 jackals
  7 kobolds
  2 quokkas (D:11)
  8 bats
  A giant gecko zombie (D:5)
  6 giant newts
  12 goblins
  A goblin zombie (D:4)
  A jackal skeleton (D:9)
  5 rats
  A rat zombie (D:4)
243 creatures vanquished.

Vanquished Creatures (others)
  A jelly (D:9)
1 creature vanquished.

Grand Total: 245 creatures vanquished

Notes
Turn   | Place    | Note
--------------------------------------------------------------
     0 | D:1      | dohliylev the Deep Elf Summoner began the quest for the Orb.
     0 | D:1      | Reached XP level 1. HP: 10/10 MP: 6/6
   207 | D:1      | Reached XP level 2. HP: 15/15 MP: 0/8
   697 | D:2      | Learned a level 2 spell: Call Imp
  1020 | D:2      | Reached XP level 3. HP: 19/19 MP: 3/10
  1024 | D:2      | Reached skill level 5 in Summonings
  1047 | D:2      | Learned a level 3 spell: Call Canine Familiar
  1051 | D:2      | Learned a level 3 spell: Summon Guardian Golem
  1455 | D:2      | Found a bloodstained altar of Trog.
  1794 | D:3      | Reached XP level 4. HP: 20/24 MP: 2/12
  1795 | D:3      | Noticed Elvalys's ghost (amateur DEWz)
  1806 | D:3      | Killed Elvalys's ghost
  1933 | D:3      | Found a basalt altar of Yredelemnul.
  2024 | D:3      | Found a faded altar to an unknown god.
  2057 | D:3      | Reached skill level 5 in Spellcasting
  2118 | D:3      | Reached XP level 5. HP: 11/28 MP: 8/14
  2412 | D:3      | Found a burning altar of Makhleb.
  2815 | D:4      | Learned a level 2 spell: Slow
  2887 | D:4      | Reached skill level 6 in Spellcasting
  2980 | D:4      | Found a sparkling altar of Nemelex Xobeh.
  3034 | D:4      | Reached XP level 6. HP: 32/32 MP: 17/17
  3056 | D:4      | Noticed Eustachio
  3255 | D:4      | Killed Eustachio
  4337 | D:5      | Entered Level 5 of the Dungeon
  4492 | D:5      | Reached skill level 7 in Spellcasting
  4492 | D:5      | Reached XP level 7. HP: 36/36 MP: 6/19
  4873 | D:5      | Found a staircase to the Ecumenical Temple.
  4879 | Temple   | Entered the Ecumenical Temple
  4896 | Temple   | Became a worshipper of Vehumet
  5046 | D:5      | Noticed Sigmund
  5052 | D:5      | Killed Sigmund
  5409 | D:5      | Noticed Pikel
  5424 | D:5      | Killed Pikel
  5424 | D:5      | Reached skill level 8 in Spellcasting
  5431 | D:5      | Found a blossoming altar of Fedhas.
  5743 | D:6      | Found a burning altar of Makhleb.
  5743 | D:6      | Noticed an Executioner
  5878 | D:6      | Reached XP level 8. HP: 42/42 MP: 20/22
  6135 | D:6      | Found a glowing silver altar of Zin.
  6413 | D:6      | Reached skill level 9 in Spellcasting
  6585 | D:7      | Reached * piety under Vehumet
  6585 | D:7      | Offered knowledge of Shock by Vehumet.
  6638 | D:7      | Reached skill level 1 in Hexes
  6764 | D:7      | Found an iron altar of Okawaru.
  6798 | D:7      | Found a shadowy altar of Dithmenos.
  7539 | D:8      | Reached skill level 10 in Spellcasting
  7572 | D:8      | Found a glowing golden altar of the Shining One.
  7580 | D:8      | Found a sacrificial altar of Ru.
  7580 | D:8      | Noticed Erica
  7584 | D:8      | Reached ** piety under Vehumet
  7584 | D:8      | Offered knowledge of Flame Tongue by Vehumet.
  7601 | D:8      | Killed Erica
  7601 | D:8      | Reached XP level 9. HP: 43/46 MP: 1/25
  7704 | D:8      | Found a shattered altar of Ashenzari.
  7937 | D:9      | Reached skill level 10 in Summonings
  7988 | D:9      | Noticed Psyche
  7991 | D:9      | Killed Psyche
  7991 | D:9      | Reached skill level 11 in Spellcasting
  8222 | D:9      | Learned a level 4 spell: Summon Ice Beast
  8298 | D:9      | Offered knowledge of Throw Flame by Vehumet.
  8467 | D:9      | Reached skill level 1 in Ice Magic
  8630 | D:9      | Found a staircase to the Lair.
  8739 | D:10     | Entered Level 10 of the Dungeon
  8890 | D:10     | Reached *** piety under Vehumet
  9068 | D:10     | Found a staircase to the Orcish Mines.
  9158 | D:10     | Reached skill level 12 in Spellcasting
  9779 | D:10     | Offered knowledge of Olgreb's Toxic Radiance by Vehumet.
  9983 | D:11     | Reached XP level 10. HP: 51/51 MP: 13/28
 10058 | D:11     | Noticed a centaur zombie
 10086 | D:11     | Killed a centaur zombie
 10097 | D:11     | Noticed a kobold demonologist
 10103 | D:11     | Killed a kobold demonologist
 10119 | D:11     | Noticed a hill giant
 10135 | D:11     | Killed a hill giant
 10354 | D:11     | Noticed a white ugly thing
 10390 | D:11     | You fall through a shaft for 3 floors!
 10524 | D:14     | Noticed a cyclops
 10537 | D:14     | Killed a cyclops
 10591 | D:14     | Found Qiurch's Assorted Antiques.
 10597 | D:14     | Found Jegurra's General Store.
 10622 | D:14     | Reached skill level 13 in Spellcasting
 10624 | D:14     | Reached **** piety under Vehumet
 10680 | D:13     | Noticed Sonja
 10771 | D:13     | Mangled by Sonja

Action                   |  1- 3 |  4- 6 |  7- 9 | 10-12 || total
-------------------------+-------+-------+-------+-------++-------
Melee: Unarmed           |     1 |     1 |       |       ||     2
       Rapier            |       |     3 |     4 |       ||     7
       Dagger            |       |       |     6 |     1 ||     7
 Cast: Summon Small Mamm |    83 |    45 |    42 |     4 ||   174
       Call Imp          |     7 |    25 |    63 |       ||    95
       Call Canine Famil |     5 |    29 |    42 |     7 ||    83
       Summon Guardian G |       |     4 |    21 |     7 ||    32
       Slow              |       |     2 |     2 |       ||     4
       Summon Ice Beast  |       |       |    36 |    20 ||    56
  Use: Scroll            |       |       |     1 |     1 ||     2
 Stab: Sleeping          |       |       |     1 |     1 ||     2
  Eat: Chunk             |     3 |     8 |    12 |     3 ||    26
       Bread ration      |       |       |     1 |       ||     1
